 Dungeon Crawl Stone Soup version 0.30-a0-634-g8abc85282e (webtiles) character file.

Game seed: 3827670932244346289

635 wormed the Changer (level 7, -3/67 HPs)
             Began as an Octopode Transmuter on Jan 15, 2023.
             Slain by a gnoll
             ... wielding a +0 halberd
              (8 damage)
             ... on level 3 of the Dungeon.
             The game lasted 00:03:57 (3148 turns).

wormed the Changer (Octopode Transmuter)            Turns: 3148, Time: 00:03:57

Health: -3/67      AC: 23    Str:  9    XL:     7   Next: 50%
Magic:  0/11       EV:  2    Int: 17    God:
Gold:   156        SH:  0    Dex: 13    Spells: 5/12 levels left

rFire   . . .      SeeInvis .      - Unarmed
rCold   . . .      Faith    .    (no shield)
rNeg    . . .      Spirit   +    (helmet currently unavailable)
rPois   +          Reflect  .    g - amulet of guardian spirit
rElec   .          Harm     .    (no ring)
rCorr   .          Rampage  .    (no ring)
Will    .....      NoTele   +    (no ring)
Stlth   +                        (no ring)
HPRegen 0.31/turn                (no ring)
MPRegen 0.12/turn                (no ring)
                                 (no ring)
                                 (no ring)

@: brilliant, tree-form, wereblooded, on berserk cooldown, slowed, unable to
drink, very slow
A: stationary, stasis, torment immunity, boosted hp, almost no armour,
(amphibious), 8 rings, (camouflage 1), (gelatinous body 1), (nimble swimmer 1),
(tentacles), (antennae 1), inability to drink after injury 1, MP-powered wands
a: no special abilities


You were on level 3 of the Dungeon.
You were a tree.
You visited 1 branch of the dungeon, and saw 3 of its levels.

You collected 156 gold pieces.

Inventory:

Jewellery
 g - an amulet of guardian spirit (around neck)
 k - a ring of fire
 n - a +6 ring of intelligence
Wands
 c - a wand of roots (13)
Scrolls
 l - 3 scrolls of identify
 m - a scroll of enchant weapon {unknown}
 o - a scroll of amnesia {unknown}
Potions
 a - a potion of lignification
 b - 2 potions of might
 f - a potion of mutation
 i - a potion of cancellation {unknown}
 j - 2 potions of attraction {unknown}
 p - a potion of curing {unknown}


   Skills:
 + Level 2.8 Fighting
 + Level 3.4 Dodging
 + Level 4.2 Unarmed Combat
 + Level 3.2 Spellcasting
 * Level 4.7 Transmutations
 + Level 2.6 Ice Magic


You had 5 spell levels left.
You knew the following spells:

 Your Spells              Type           Power      Damage    Failure   Level
a - Beastly Appendage     Tmut           56%        N/A       2%          1
b - Wereblood             Tmut           28%        N/A       3%          2
c - Ice Form              Ice/Tmut       22%        N/A       36%         4

Your spell library contained the following spells:

 Spells                   Type           Power      Damage    Failure   Level
 Apportation              Tloc           8%         N/A       17%         1
 Necrotise                Necr           16%        1d4       17%         1
 Summon Small Mammal      Summ           16%        N/A       17%         1
 Spider Form              Tmut/Pois      16%        N/A       19%         3


Dungeon Overview and Level Annotations

Branches:
Dungeon (3/15)

Altars:
Vehumet


Innate Abilities, Weirdness & Mutations

You are a tree.
Your roots penetrate the ground, keeping you stationary.
You cannot be teleported.
You are immune to unholy pain and torment.
Your maximum health is greatly increased.
You cannot wear most types of armour.
((You are amphibious.))
You can wear up to eight rings at the same time.
((Your skin changes colour to match your surroundings (Stealth+).))
((Your rubbery body absorbs attacks. (AC +1, EV +1)))
((You are camouflaged when in or above water. (Stealth+)))
((You have tentacles for arms and can constrict up to eight enemies at once.))
((You have a pair of small antennae on your head.))
You occasionally lose the ability to drink potions when taking damage.
You expend magic power (3 MP) to strengthen your wands.


Message History

The hound is heavily wounded.
The hound bites you but does no damage. The gnoll hits you but does no damage.
You smack the hound!
The hound is almost dead.
The hound bites you but does no damage. x2
You smack the hound!
You feel a bit better.
You kill the hound!
You creak as the wereblood boils in your veins!
The gnoll hits you but does no damage.
It was a potion of brilliance.
You feel clever all of a sudden. The gnoll hits you but does no damage.
It was a potion of flight.
Your roots keep you in place.
The gnoll hits you but does no damage.
It was a potion of mutation.
You feel extremely strange. A pair of antennae grows on your head!
You feel your magical essence link to the dungeon's wands.
You occasionally lose the ability to drink potions when taking damage.
The gnoll hits you but does no damage.
It was a potion of berserk rage.
A red film seems to cover your vision as you go berserk!
You feel yourself moving faster!
You feel mighty!
You creak as the wereblood boils in your veins!
The gnoll hits you but does no damage.
You are too berserk!
You feel a strong urge to attack something.
The gnoll hits you from afar with a +0 halberd.
* * * LOW HITPOINT WARNING * * *
The gnoll hits you but does no damage.
You feel your anger nearly subside.
You are no longer berserk.
You are exhausted.
You feel yourself slow down. The gnoll hits you but does no damage.
You creak as the wereblood boils in your veins!
The gnoll hits you from afar with a +0 halberd!
You feel threatened and lose the ability to drink potions!
* * * LOW HITPOINT WARNING * * *
The gnoll hits you but does no damage.
The gnoll hits you from afar with a +0 halberd!
You die...

#.....##..)[..#..............)..#
###†#########.....##............#
....†.....<....#...#.####.......#
.......######....#....# #.......#
........## ###.##....# #.......#
####.##..# ##......# ######.##
#..##..## #..#.### #.##
#.###...##+#+#P...# #..# #.#
#....#...†♣..## ##.# #.#
##...#..g#P.####### ###<. #.#
##..#...#..###...# ###.... #.#
#.######....†...# #...### #.#
#......##.###...# #)### #<#
#####..##.# #...###.# #.#
#..##.###...##..# #.#
#..##.......##.## ###.##
#..######.####.#


You could see a gnoll.

Vanquished Creatures
  Grinder (D:3)
  An ice beast (D:3)
  A black bear (D:3)
  2 hounds (D:3)
  Natasha (thrice) (D:2)
  3 gnolls (D:2)
  2 adders (D:3)
  3 dart slugs
  An orc (D:3)
  5 ball pythons
  10 bats
  6 endoplasms
  A giant cockroach (D:1)
  8 goblins
  7 hobgoblins
  2 jackals (D:1)
  3 quokkas
  3 frilled lizards
  7 kobolds
  7 rats
76 creatures vanquished.

Notes
Turn   | Place    | Note
-------+----------+-------------------------------------------
     0 | D:1      | wormed the Octopode Transmuter began the quest for the Orb.
     0 | D:1      | Reached XP level 1. HP: 13/13 MP: 3/3
   113 | D:1      | Reached XP level 2. HP: 16/18 MP: 3/5
   153 | D:1      | Learned a level 2 spell: Wereblood
   280 | D:1      | Reached XP level 3. HP: 18/23 MP: 3/6
   648 | D:1      | Found a faded altar of an unknown god.
  1071 | D:2      | Reached skill level 1 in Ice Magic
  1129 | D:2      | Identified the +8 sling "Baoreniatz" {drain, rElec rPois
                  | Will+ Int-2}
  1386 | D:2      | Found a radiant altar of Vehumet.
  1612 | D:2      | Noticed Natasha
  1619 | D:2      | Killed Natasha
  1620 | D:2      | Reached XP level 4. HP: 15/28 MP: 2/7
  1792 | D:2      | Noticed Natasha
  1802 | D:2      | Killed Natasha
  1950 | D:2      | Reached XP level 5. HP: 25/34 MP: 2/8
  2155 | D:2      | Learned a level 4 spell: Ice Form
  2197 | D:3      | Noticed Grinder
  2243 | D:2      | Noticed Natasha
  2251 | D:2      | Killed Natasha
  2326 | D:3      | Noticed an ice beast
  2343 | D:3      | Killed an ice beast
  2344 | D:3      | Reached XP level 6. HP: 39/39 MP: 3/10
  2421 | D:3      | Paralysed by Grinder for 3 turns
  2424 | D:3      | Killed Grinder
  2425 | D:3      | Reached XP level 7. HP: 42/45 MP: 1/11
  2546 | D:3      | Found a radiant altar of Vehumet.
  3141 | D:3      | Gained mutation: You have a pair of small antennae on your
                  | head. [potion of mutation]
  3141 | D:3      | Gained mutation: You expend magic power (3 MP) to
                  | strengthen your wands. [potion of mutation]
  3141 | D:3      | Gained mutation: You occasionally lose the ability to drink
                  | potions when taking damage. [potion of mutation]
  3148 | D:3      | Slain by a gnoll

Illustrated notes

Levels and vault maps discovered:
D:1:      kennysheep_arrival_seaside, layout_basic,
          shapermc_ecumenical_altar_petra, chequers_mini_garden
D:2:      layout_loops_ring, basic_altar, minmay_tetromino_l4, uniq_natasha
D:3:      layout_rooms, nicolae_vehumet_altar_sigil, cheibrodos_gnoll_hut,
          uniq_grinder

Skill      XL: |  1  2  3  4  5  6 |
---------------+-------------------+-----
Ice Magic      | 1 2 |  2.6
Transmutations | 3 4 |  4.7
Fighting       | 2 |  2.8
Dodging        | 3 |  3.4
Unarmed Combat | 4 |  4.2
Spellcasting   | 3 |  3.2

Action                   |  1- 3 |  4- 6 |  7- 9 || total
-------------------------+-------+-------+-------++-------
Melee: Unarmed           |    88 |    57 |    50 ||   195
       Constrict         |    20 |     6 |     3 ||    29
       Kick              |     6 |    10 |     5 ||    21
       Tentacles         |    11 |     4 |     1 ||    16
       Punch             |     1 |       |     1 ||     2
 Cast: Beastly Appendage |    18 |     5 |     2 ||    25
       Wereblood         |    14 |     7 |     2 ||    23
       Ice Form          |       |     4 |     6 ||    10
  Use: Scroll            |     2 |     2 |       ||     4
       Potion            |       |     2 |     5 ||     7
 Stab: Sleeping          |     5 |     1 |       ||     6
Armor: Skin              |     8 |    12 |    37 ||    57
Dodge: Dodged            |    48 |    28 |    39 ||   115

Table legend: (Time is in decaauts)
 A = Elapsed time spent in this place.
 B = Non-inter-level travel time spent in this place.
 C = Inter-level travel time spent in this place.
 D = Time resting spent in this place.
 E = Time spent auto-exploring this place.
 F = Levels seen in this place.
 G = Mean time per level.
                   A        B        C        D        E       F      G
               +--------+--------+--------+--------+--------+-----+--------+
         Total |   3142 |   3093 |     49 |     33 |   2518 |   3 | 1047.3 |
       Dungeon |   3142 |   3093 |     49 |     33 |   2518 |   3 | 1047.3 |
               +--------+--------+--------+--------+--------+-----+--------+

Top non-repeatable levels by time:
     D:2: 1213 daAuts
     D:1: 1048 daAuts
     D:3: 880 daAuts
